 Dungeon Crawl Stone Soup version 0.27.1-2-g3b301248ec (webtiles) character file.

Game seed: 15553167557259977608

692 MrNoob the Skirmisher (level 7, -6/61 HPs)
             Began as a Minotaur Berserker on Sept 28, 2021.
             Was a Believer of Trog.
             Splashed by a jelly's acid (10 damage)
             ... on level 5 of the Dungeon.
             The game lasted 00:08:43 (4135 turns).

MrNoob the Skirmisher (Minotaur Berserker)          Turns: 4135, Time: 00:08:44

Health: -6/61      AC: -5    Str: 21    XL:     7   Next: 36%
Magic:  6/6        EV:  7    Int:  4    God:    Trog [**....]
Gold:   162        SH:  4    Dex: 12    Spells: 6/6 levels left

rFire    . . .     SeeInvis .   a - +0 falchion
rCold    . . .     Faith    .   l - +0 buckler
rNeg     . . .     Spirit   .   g - +0 plate armour
rPois    .         Reflect  .   (helmet restricted)
rElec    .         Harm     .   (no cloak)
rCorr    .         Rampage  .   (no gloves)
Will     .....                  e - +1 pair of boots
Stlth    ..........             j - amulet of the acrobat
HPRegen  0.20/turn              (no ring)
MPRegen  0.10/turn              (no ring)

@: corroded
A: horns 2, retaliatory headbutt
a: Renounce Religion, Berserk, Trog's Hand


You were on level 5 of the Dungeon.
You worshipped Trog.
Trog was pleased with you.
You visited 2 branches of the dungeon, and saw 6 of its levels.

You collected 234 gold pieces.
You spent 72 gold pieces at shops.

Inventory:

Hand Weapons
 a - a +0 falchion (weapon)
Armour
 e - a +1 pair of boots (worn)
 g - a +0 plate armour (worn)
 l - a +0 buckler (worn)
Jewellery
 j - an amulet of the acrobat (around neck)
Wands
 h - a wand of digging (4)
 k - a wand of flame (24)
Scrolls
 d - 3 scrolls of identify {unknown}
 f - a scroll of fear {unknown}
 n - a scroll of vulnerability {unknown}
Potions
 b - 2 potions of ambrosia {unknown}
 c - a potion of resistance {unknown}
 i - 6 potions of curing
 m - 2 potions of brilliance {unknown}


   Skills:
 + Level 5.2 Fighting
 + Level 5.2 Long Blades
 + Level 4.8 Armour
 + Level 3.8 Dodging
 + Level 2.3 Stealth
 + Level 2.8 Shields
 + Level 2.9 Unarmed Combat


You had 6 spell levels left.
You didn't know any spells.
Your spell library was empty.

Dungeon Overview and Level Annotations

Branches:
Dungeon (5/15)             Temple (1/1) D:5

Altars:
Ashenzari
Cheibriados
Dithmenos
Elyvilon
Fedhas
Gozag
Hepliaklqana
Makhleb
Nemelex Xobeh
Okawaru
Qazlal
Ru
Sif Muna
Trog
Uskayaw
Vehumet
Wu Jian
Xom
Zin
The Shining One

Shops:
D:4 !!**


Innate Abilities, Weirdness & Mutations

You have a pair of horns on your head.
You reflexively headbutt those who attack you in melee.


Message History

The iguana is lightly wounded.
You barely miss the iguana.
The iguana is lightly wounded.
The iguana barely misses you. The jelly hits you but does no damage.
You block the iguana's attack.
You slash the iguana!
The iguana is heavily wounded.
The jelly hits you. The acid corrodes you!
You are splashed with acid!
The iguana bites you!
You hit the jelly but do no damage. The acid corrodes you!
Your hands burn!
You headbutt the jelly!
The jelly is heavily wounded.
The jelly hits you.
You are splashed with acid!
The iguana bites you but does no damage.
You barely miss the iguana.
You headbutt the iguana, but do no damage.
The iguana is heavily wounded.
You block the jelly's attack. The iguana bites you.
You hit the iguana.
The iguana is almost dead.
The jelly hits you but does no damage. The iguana closely misses you.
You hit the jelly but do no damage. The acid corrodes you!
Your hands burn!
The jelly is heavily wounded.
The jelly hits you but does no damage. The iguana bites you!
* * * LOW HITPOINT WARNING * * *
You hit the iguana.
You kill the iguana!
Trog accepts your kill. The jelly hits you.
* * * LOW HITPOINT WARNING * * *
The acid corrodes you!
You are splashed with acid.
* * * LOW HITPOINT WARNING * * *
You hit the jelly but do no damage.
Your hands burn!
* * * LOW HITPOINT WARNING * * *
Your headbutt misses the jelly.
The jelly is heavily wounded.
The jelly hits you.
* * * LOW HITPOINT WARNING * * *
The acid corrodes you!
You are splashed with acid!
You die...

..........#
.........#
........####
...........
#..........
+.......... #
#..†....... ##
+..@J......
.###.#.#
#####..........
........
...........>.##
.###.#.
#######.####.###
.....#
#.#......##
.#####
#.#..<....# .#
#######'#..8....#
.#
...........>....#
.##
...........8....#


You could see a jelly.

Vanquished Creatures
  A water moccasin (D:5)
  A black bear (D:5)
  A scorpion (D:5)
  A bullfrog zombie (D:5)
  A crimson imp (D:4)
  2 jellies (D:5)
  A centaur skeleton (D:4)
  3 iguanas (D:5)
  A hound zombie (D:5)
  A howler monkey zombie (D:5)
  9 adders
  A white imp (D:5)
  2 ufetubi (D:5)
  4 worms (D:2)
  7 orcs
  3 endoplasms
  3 giant cockroaches
  7 hobgoblins
  2 jackals (D:2)
  4 quokkas
  4 ball pythons
  A frilled lizard (D:2)
  6 goblins
  4 kobolds
  4 rats
74 creatures vanquished.

Notes
Turn   | Place    | Note
-------+----------+-------------------------------------------
     0 | D:1      | MrNoob the Minotaur Berserker began the quest for the Orb.
     0 | D:1      | Reached XP level 1. HP: 19/19 MP: 0/0
   472 | D:1      | Reached XP level 2. HP: 27/27 MP: 1/1
  1142 | D:2      | Reached XP level 3. HP: 33/33 MP: 2/2
  1308 | D:2      | Reached XP level 4. HP: 40/40 MP: 3/3
  1459 | D:2      | Reached skill level 1 in Stealth
  1697 | D:3      | Reached ** piety under Trog
  1749 | D:3      | Found a faded altar of an unknown god.
  1992 | D:3      | Reached skill level 1 in Unarmed Combat
  2464 | D:4      | Found Dimek's Distillery.
  2469 | D:4      | Found Zoluept's Assorted Antiques.
  2475 | D:4      | Bought 2 potions of curing for 72 gold pieces
  2500 | D:4      | Found Wirroid's Distillery.
  2526 | D:4      | Found a burning altar of Makhleb.
  2527 | D:4      | Found a radiant altar of Vehumet.
  2533 | D:4      | Reached XP level 5. HP: 47/47 MP: 4/4
  2907 | D:4      | Identified the +7 hunting sling of Skirmishing {flame, rF-
                  | rC+ MP+9 Dex+3}
  2973 | D:4      | Found Jomig's Assorted Antiques.
  2987 | D:4      | Reached skill level 1 in Shields
  3133 | D:5      | Entered Level 5 of the Dungeon
  3133 | D:5      | Noticed a black bear
  3152 | D:5      | Killed a black bear
  3153 | D:5      | Reached XP level 6. HP: 45/53 MP: 5/5
  3374 | D:5      | Found a blossoming altar of Fedhas.
  3455 | D:5      | Found a snail-covered altar of Cheibriados.
  3469 | D:5      | Found a hazy altar of Hepliaklqana.
  3592 | D:5      | Reached skill level 5 in Fighting
  3592 | D:5      | Reached skill level 5 in Long Blades
  3745 | D:5      | Reached XP level 7. HP: 40/61 MP: 6/6
  3867 | D:5      | Found a staircase to the Ecumenical Temple.
  3883 | Temple   | Entered the Ecumenical Temple
  4135 | D:5      | Splashed by a jelly's acid

Illustrated notes

Levels and vault maps discovered:
D:1:      dpeg_arrival_rooms_c, layout_loops_ring, roderic_serpentine_path
D:2:      layout_rooms
D:3:      layout_basic, ebering_ecumenical_altar_ruins
D:4:      layout_basic, grunt_temple_overflow_lords_of_destruction,
          serial_shops, nicolae_shop_waterfront, nicolae_shop_crystal, shop,
          shop, kennysheep_nondescript
D:5:      minmay_evil_eye, layout_basic, fedhas_ov_isle_minmay,
          jmf_multi_god_temple, temple_statues
Temple:   regret_index_temple_generic_petals

Skill      XL: |  1  2  3  4  5  6 |
---------------+-------------------+-----
Armour         | 3 4 |  4.8
Fighting       | 4 5 |  5.2
Long Blades    | 4 5 |  5.2
Stealth        | 1 2 |  2.3
Unarmed Combat | 1 2 |  2.9
Dodging        | 3 |  3.8
Shields        | 1 2 |  2.8

Action                   |  1- 3 |  4- 6 |  7- 9 || total
-------------------------+-------+-------+-------++-------
Melee: Falchion          |    59 |   137 |    17 ||   213
       Headbutt          |    13 |    32 |     3 ||    48
Invok: Berserk           |       |     1 |       ||     1
Armor: Ring mail         |     9 |       |       ||     9
       Plate armour      |    21 |    97 |     5 ||   123
Dodge: Dodged            |    19 |    59 |     9 ||    87
Block: Buckler           |       |    14 |     5 ||    19
       Rpst.: Falchion   |     3 |    17 |     3 ||    23
